 Dungeon Crawl Stone Soup version 0.20.0-8-g6b59dc7 (console) character file.

260 Cab the Grave Robber (level 5, 0/38 HPs)
             Began as a Demonspawn Necromancer on June 1, 2017.
             Was an Initiate of Vehumet.
             Slain by a quokka (3 damage)
             ... summoned by Eustachio
             ... on level 5 of the Dungeon.
             The game lasted 00:21:53 (4929 turns).

Cab the Grave Robber (Demonspawn Necromancer)       Turns: 4929, Time: 00:21:54

Health: 0/38       AC:  5    Str: 10      XL:     5   Next: 95%
Magic:  0/8        EV: 12    Int: 20      God:    Vehumet [......]
Gold:   190        SH:  0    Dex: 10 (14) Spells: 4/8 levels left

rFire    . . .     SeeInvis .   k - +1 trident (flame)
rCold    + . .     Gourm    .   (no shield)
rNeg     . . .     Faith    .   a - +0 robe
rPois    .         Spirit   .   (no helmet)
rElec    .         Reflect  .   (no cloak)
rCorr    .         Harm     .   (no gloves)
MR       .....                  (no boots)
Stlth    +++.......             (no amulet)
Regen    0.2/turn               e - -3 ring of slaying
MPRegen  0.2/turn               m - ring of protection from cold

@: brilliant, hasted (expiring), very quick
A: iridescent scales 1, dopey 1, nightstalker 1, robust 1, shaggy fur 1, strong
1
a: Renounce Religion


You were on level 5 of the Dungeon.
You worshipped Vehumet.
Vehumet was noncommittal.
You were near starving.

You visited 2 branches of the dungeon, and saw 6 of its levels.

You collected 190 gold pieces.

Inventory:

Hand Weapons
 k - a +1 trident of flaming (weapon)
Armour
 a - a +0 robe (worn)
Jewellery
 e - a -3 ring of slaying (left hand)
 m - a ring of protection from cold (right hand)
Scrolls
 i - 2 scrolls of identify
 u - a scroll of magic mapping
Potions
 s - a potion of lignification
Books
 b - a book of Necromancy

   Spells                             Type                      Level
   a - Pain                           Necromancy                   1
   b - Animate Skeleton               Necromancy                   1
   c - Vampiric Draining              Necromancy                   3
   d - Regeneration                   Charms/Necromancy            3
   e - Animate Dead                   Necromancy                   4
   f - Control Undead                 Necromancy                   4
 q - a book of Maledictions

   Spells                             Type                      Level
   a - Corona                         Hexes                        1
   b - Ensorcelled Hibernation        Hexes/Ice                    2
   c - Confuse                        Hexes                        3
   d - Tukima's Dance                 Hexes                        3
   e - Dazzling Spray                 Conjuration/Hexes            3
Comestibles
 c - 4 bread rations
 d - 8 fruits
 h - a meat ration
 p - a royal jelly


   Skills:
 - Level 1.7 Dodging
 - Level 1.7 Stealth
 + Level 2.3 Spellcasting
 * Level 7.7 Necromancy


You had 4 spell levels left.
You knew the following spells:

 Your Spells              Type           Power        Failure   Level  Hunger
a - Pain                  Necr           ####         1%          1    #......
b - Vampiric Draining     Necr           #####.....   1%          3    ###....


Dungeon Overview and Level Annotations

Branches:
Dungeon (5/15)             Temple (1/1) D:4

Altars:
Ashenzari
Cheibriados
Dithmenos
Elyvilon
Fedhas
Gozag
Hepliaklqana
Kikubaaqudgha
Makhleb
Nemelex Xobeh
Okawaru
Qazlal
Ru
Sif Muna
Trog
Uskayaw
Vehumet
Xom
Yredelemnul
Zin

Annotations:
D:5 Eustachio


Innate Abilities, Weirdness & Mutations

You are partially covered in iridescent scales. (AC +2)
You are slightly more attuned to the shadows.
You are dopey. (Int -2)
You are robust. (+10% HP)
You are covered in fur. (AC +1)
Your muscles are strong. (Str +2)


Message History

The crimson imp hits you but does no damage.
You barely miss the river rat.
The river rat bites you but does no damage.
The quokka bites you but does no damage.
You hit the river rat but do no damage. The crimson imp barely misses you.
The river rat bites you but does no damage.
The quokka bites you but does no damage.
You closely miss the river rat.
You feel less wooden.
Your +0 robe unmelds from your body.
The crimson imp hits you but does no damage.
The river rat completely misses you. The quokka bites you.
* * * LOW HITPOINT WARNING * * *
Unknown command.
You barely miss the river rat.
Eustachio mumbles some strange words.
Eustachio blinks!
The crimson imp barely misses you. The river rat bites you.
* * * LOW HITPOINT WARNING * * *
The quokka bites you.
You die...

▒∙∙∙∙∙∙▒ ∙∙∙∙∙∙▒
▒∙∙∙∙▒ ∙∙∙∙∙▒
▒∙∙∙∙▒
∙∙∙∙▒▒▒▒▒▒∙∙∙∙▒
∙∙∙∙∙∙∙∙∙∙∙∙∙▒
∙▒▒▒▒▒r▒∙∙∙∙∙∙∙∙∙∙▒
∙∙∙∙∙∙@5#∙∙∙∙∙∙∙∙∙▒
∙∙∙∙∙r∙▒∙∙∙∙∙∙∙∙∙∙▒
▒▒▒▒▒▒∙▒∙∙∙∙∙∙∙∙∙∙▒
▒▒▒▒▒▒▒■▒∙∙∙∙▒
■∙∙∙∙▒ ▒∙∙∙∙▒
▒∙∙∙∙▒ ▒∙∙∙∙▒
▒∙∙∙∙▒


You could see a crimson imp, a river rat and a quokka.

Vanquished Creatures
  An orc priest (D:2)
  A hound (D:4)
  9 adders
  An ooze (D:3)
  3 worms
  A dart slug (D:1)
  3 leopard geckos
  6 orcs
  11 bats
  4 giant cockroaches (D:1)
  8 goblins
  8 hobgoblins
  12 jackals
  8 kobolds
  2 quokkas (D:4)
  8 frilled lizards
  A leopard gecko skeleton (D:4)
  A quokka skeleton (D:4)
  9 rats
97 creatures vanquished.

Notes
Turn   | Place    | Note
-------+----------+-------------------------------------------
     0 | D:1      | Cab the Demonspawn Necromancer began the quest for the Orb.
     0 | D:1      | Reached XP level 1. HP: 13/13 MP: 3/3
   205 | D:1      | Gained mutation: You are slightly more attuned to the shadows. [demonic ancestry]
   205 | D:1      | Reached XP level 2. HP: 13/19 MP: 1/5
   278 | D:1      | Reached skill level 5 in Necromancy
  1097 | D:1      | Reached XP level 3. HP: 21/24 MP: 2/6
  1355 | D:2      | Learned a level 3 spell: Vampiric Draining
  1486 | D:2      | Reached skill level 6 in Necromancy
  1812 | D:2      | Reached XP level 4. HP: 23/30 MP: 3/7
  2178 | D:2      | Found a sacrificial altar of Ru.
  2656 | D:2      | Reached skill level 7 in Necromancy
  2656 | D:2      | Gained mutation: You are partially covered in iridescent scales. (AC +2) [demonic ancestry]
  2656 | D:2      | Reached XP level 5. HP: 22/35 MP: 2/8
  4262 | D:4      | Found a shattered altar of Ashenzari.
  4329 | D:4      | Found a staircase to the Ecumenical Temple.
  4336 | Temple   | Entered the Ecumenical Temple
  4349 | Temple   | Became a worshipper of Vehumet
  4571 | D:4      | Found a blossoming altar of Fedhas.
  4577 | D:4      | Found a burning altar of Makhleb.
  4579 | D:4      | Found a deep blue altar of Sif Muna.
  4754 | D:5      | Entered Level 5 of the Dungeon
  4850 | D:5      | Noticed Eustachio
  4868 | D:5      | Gained mutation: You are robust. (+10% HP) [potion of mutation]
  4868 | D:5      | Gained mutation: Your muscles are strong. (Str +2) [potion of mutation]
  4868 | D:5      | Gained mutation: You are dopey. (Int -2) [potion of mutation]
  4868 | D:5      | Gained mutation: You are covered in fur. (AC +1) [potion of mutation]
  4911 | D:5      | HP: 2/57 [river rat[Eustachio] (5)]
  4929 | D:5      | Slain by a quokka

Skill      XL: |  1  2  3  4 |
---------------+-------------+-----
Necromancy     | 5 6 7 |  7.7
Dodging        | |  1.7
Stealth        | |  1.7
Spellcasting   | |  2.3

Action                   |  1- 3 |  4- 6 || total
-------------------------+-------+-------++-------
Melee: Unarmed           |    34 |    10 ||    44
       Trident           |       |   131 ||   131
 Cast: Pain              |    74 |   116 ||   190
       Vampiric Draining |       |     2 ||     2
  Use: Scroll            |     4 |     5 ||     9
       Potion            |       |     9 ||     9
  Eat: Chunk             |     4 |    10 ||    14
Armor: Robe              |    22 |    35 ||    57
       Skin              |       |   211 ||   211
Dodge: Dodged            |    43 |    88 ||   131
